 Dungeon Crawl Stone Soup version 0.31-a0-210-gccc998df9b (webtiles) character file.

Game seed: 12964566549659492056

1526 Dylgear the Shield-Bearer (level 9, -2/68 HPs)
             Began as a Formicid Fighter on June 29, 2023.
             Was a Believer of Wu Jian.
             Slain by a mummy (10 damage)
             ... in an ossuary.
             The game lasted 00:16:50 (5318 turns).

Dylgear the Shield-Bearer (Formicid Fighter)        Turns: 5318, Time: 00:17:20

Health: -2/68      AC: 13    Str: 23    XL:     9   Next: 10%
Magic:  9/9        EV:  9    Int:  8    God:    Wu Jian [**....]
Gold:   278        SH:  6    Dex: 15    Spells: 8/8 levels left

rFire   + . .        j - +0 battleaxe
rCold   + . .        c - +0 buckler
rNeg    . . .        p - +0 chain mail
rPois   +            (helmet unavailable)
rElec   +            (no cloak)
rCorr   +            (no gloves)
SInv    +            l - +2 pair of boots
Will    .....        (no amulet) Stlth
                     (no ring)
HPRegen 0.31/turn    (no ring)
MPRegen 0.11/turn

%: no passive effects
@: resistant, invisible
A: permanent stasis, dig shafts and tunnels, antennae 3, four strong arms
a: Dig, Renounce Religion, Wall Jump


You were in an ossuary.
You worshipped Wu Jian.
Wu Jian was pleased with you.
You visited 2 branches of the dungeon, and saw 7 of its levels.
You also visited: Sewer and Ossuary.

You collected 278 gold pieces.

Inventory:

Hand Weapons
 a - a +1 flail of protection
 f - a +0 dagger of protection
 j - a +0 battleaxe (weapon)
 o - a +0 mace of draining
Armour
 c - a +0 buckler (worn)
 l - a +2 pair of boots (worn)
 p - a +0 chain mail (worn)
Wands
 d - a wand of iceblast (7)
Scrolls
 e - a scroll of poison
 h - a scroll of enchant armour
 q - a scroll of butterflies
Potions
 b - a potion of enlightenment
 g - a potion of resistance
 k - a potion of cancellation {unknown}
 m - a potion of magic
 n - a potion of attraction {unknown}


   Skills:
 + Level 5.0 Fighting
 + Level 7.1 Axes
 + Level 6.5 Armour
 + Level 2.3 Dodging
 + Level 1.0 Stealth
 + Level 7.1 Shields


You had 8 spell levels left.
You didn't know any spells.
Your spell library contained the following spells:

 Spells                   Type           Power      Damage    Failure   Level
 Freeze                   Ice            0%         1d3       95%         1
 Frozen Ramparts          Ice            0%         1d1       100%        3
 Hailstorm                Conj/Ice       0%         3d3       100%        3
 Inner Flame              Hex/Fire       0%         N/A       100%        3
 Arcjolt                  Conj/Air       0%         1d10      100%        5
 Yara's Violent Unravell  Hex/Tmut       0%         3d3       100%        5
 Plasma Beam              Fire/Air       0%         2x1d10    100%        6
 Enfeeble                 Hex            0%         N/A       100%        7
 Vhi's Electric Charge    Tloc/Air       Unusable   N/A       N/A         3

Dungeon Overview and Level Annotations

Branches:
Dungeon (6/15)             Temple (1/1) D:5           Sewer (visited)
Ossuary (1/1)

Altars:
Cheibriados
Dithmenos
Fedhas
Hepliaklqana
Kikubaaqudgha
Makhleb
Nemelex Xobeh
Qazlal
Ru
Sif Muna
Trog
Uskayaw
Vehumet
Wu Jian
Xom
Yredelemnul
Zin
The Shining One

Annotations:
D:6 1 runed translucent door, innerfire43's ghost, novice DsMo Ossuary Menkaure


Innate Abilities, Weirdness & Mutations

You cannot be hasted, slowed, berserked, paralysed or teleported.
You can dig through walls and to a lower floor.
You have a pair of large antennae on your head. (SInv)
Your four strong arms can wield two-handed weapons with a shield.


Message History

You hit the mummy. The mummy barely misses you. Menkaure casts a spell at you.
Pain shoots through your body!
Unknown command.
You feel protected. You block the mummy's attack.
Menkaure hits you but does no damage.
It was a potion of magic.
Magic courses through your body.
You slash Menkaure!
Menkaure is severely damaged.
You hit the mummy. Menkaure hits you but does no damage. The mummy hits you.
You completely miss Menkaure.
Menkaure is severely damaged.
You hit the mummy.
Menkaure grins.
You block Menkaure's attack. The mummy hits you. Menkaure barely misses you.
You barely miss Menkaure.
Menkaure is severely damaged.
You hit the mummy.
You destroy the mummy!
The Council accepts your kill. Menkaure hits you!
You hit Menkaure but do no damage.
Menkaure is severely damaged.
You closely miss the mummy.
Menkaure calls on the powers of darkness!
Your body is wracked with pain!
* * * LOW HITPOINT WARNING * * *
The mummy closely misses you.
Unknown command.
Unknown command.
It was a potion of invisibility.
You fade into invisibility!
You barely miss Menkaure.
Menkaure is severely damaged.
You barely miss the mummy.
Menkaure calls on the powers of darkness!
Your body is wracked with pain!
* * * LOW HITPOINT WARNING * * *
The mummy hits you!
You die...

..##..##..##..##..##..##
.##..##..####..##..##..##
##..##..##?!##^.##..##..##
#..##..##?.?.##..##..##..##
..##..## .....##^.##..##..##
.##..## .∩∩?..##..##..##..##
##..## .!....M##..##..##..##
#..## {.??...MM##..##..##..##
..##############@'##..##..##..##
...................##..##..##^.##
######################..##..##..#
.........................##..##..
############################..##.
...............................##
#################################


You could see Menkaure and 2 mummies.

Vanquished Creatures
  Edmund (Temple)
  Duvessa (D:4)
  A water moccasin (D:5)
  An ice beast (D:6)
  Pargi (Sewer)
  An ogre (D:5)
  A phantom (D:5)
  Blork the orc (D:5)
  A bullfrog (D:6)
  A scorpion (D:5)
  Dowan (D:4)
  3 hounds
  2 orc priests
  A sleepcap (D:5)
  2 iguanas (D:5)
  4 orc wizards
  2 mummies
  4 adders
  7 gnolls
  An ufetubus (D:4)
  2 worms
  2 dart slugs
  17 orcs
  11 ball pythons
  6 bats
  4 endoplasms
  2 giant cockroaches
  5 gnoll zombies (Ossuary)
  11 goblins
  9 hobgoblins
  10 jackals
  5 quokkas
  12 frilled lizards
  5 gnoll skeletons (Ossuary)
  5 goblin skeletons (Ossuary)
  6 goblin zombies (Ossuary)
  A hobgoblin skeleton (Ossuary)
  3 hobgoblin zombies (Ossuary)
  6 kobolds
  6 kobold skeletons (Ossuary)
  4 kobold zombies (Ossuary)
  3 orc skeletons (Ossuary)
  3 orc zombies (Ossuary)
  8 rats
  5 rat skeletons (Ossuary)
  4 rat zombies (Ossuary)
192 creatures vanquished.

Notes
Turn   | Place    | Note
-------+----------+-------------------------------------------
     0 | D:1      | Dylgear the Formicid Fighter began the quest for the Orb.
     0 | D:1      | Reached XP level 1. HP: 18/18 MP: 1/1
    30 | D:1      | Found a faded altar of an unknown god.
   168 | D:1      | Reached XP level 2. HP: 24/24 MP: 2/2
   377 | D:1      | Reached XP level 3. HP: 25/29 MP: 3/3
  1045 | D:2      | Identified the +0 robe of Abstinence {+Inv rF- rN+ Str+3}
  1335 | D:2      | Reached XP level 4. HP: 26/36 MP: 4/4
  1656 | D:3      | Reached XP level 5. HP: 41/42 MP: 5/5
  1677 | D:3      | Found a blossoming altar of Fedhas.
  1678 | D:3      | Found an ancient bone altar of Kikubaaqudgha.
  1680 | D:3      | Found a basalt altar of Yredelemnul.
  1680 | D:3      | Found a sparkling altar of Nemelex Xobeh.
  1728 | D:3      | Found a shadowy altar of Dithmenos.
  1729 | D:3      | Found a shimmering altar of Xom.
  2215 | D:4      | Noticed Duvessa
  2215 | D:4      | Noticed Dowan
  2229 | D:4      | Killed Duvessa
  2230 | D:4      | Reached skill level 5 in Shields
  2230 | D:4      | Reached XP level 6. HP: 25/48 MP: 6/6
  2236 | D:4      | Killed Dowan
  2429 | D:4      | Found a glowing drain.
  2441 | Sewer    | Entered a sewer
  2549 | Sewer    | Noticed Pargi
  2605 | Sewer    | Killed Pargi
  2606 | Sewer    | Reached skill level 1 in Dodging
  2606 | Sewer    | Reached XP level 7. HP: 44/54 MP: 7/7
  3232 | D:5      | Entered Level 5 of the Dungeon
  3361 | D:5      | Noticed a water moccasin
  3370 | D:5      | Killed a water moccasin
  3371 | D:5      | Reached skill level 5 in Axes
  3371 | D:5      | Reached skill level 5 in Armour
  3519 | D:5      | Noticed Blork the orc
  3560 | D:5      | Killed Blork the orc
  3617 | D:5      | Found a staircase to the Ecumenical Temple.
  3623 | D:5      | Reached XP level 8. HP: 61/61 MP: 8/8
  3841 | Temple   | Entered the Ecumenical Temple
  3881 | Temple   | Became a worshipper of the Wu Jian Council
  3990 | D:5      | Noticed Edmund
  4062 | Temple   | Killed Edmund
  4852 | D:6      | Noticed innerfire43's ghost (novice DsMo)
  4855 | D:6      | Found a runed translucent door.
  4946 | D:5      | Reached skill level 1 in Stealth
  4946 | D:5      | Reached XP level 9. HP: 56/67 MP: 9/9
  4956 | D:6      | Reached skill level 5 in Fighting
  4962 | D:6      | Found a sand-covered staircase.
  4968 | D:6      | Reached * piety under Wu Jian
  4976 | Ossuary  | Entered an ossuary
  5205 | Ossuary  | Reached ** piety under Wu Jian
  5303 | Ossuary  | Noticed Menkaure
  5318 | Ossuary  | Slain by a mummy

Illustrated notes

Levels and vault maps discovered:
D:1:      ncdulo_halloftheorcs, layout_rooms, hellmonk_ecumenical_altar_blasted,
          serial_bayou_lagoon_b
D:2:      layout_loops_cross
D:3:      layout_rooms, grunt_temple_overflow_open
D:4:      layout_loops_ring, cheibrodos_sewer_entry_drain, uniq_duvessa
D:5:      layout_basic, minmay_temple_entry_large_hall, uniq_edmund,
          uniq_blork_the_orc
D:6:      layout_basic, hellmonk_ghost_happy_afterlife,
          gup_ossuary_entry_pyramid, hex_medium, grunt_decor_resistance,
          uniq_maggie
Temple:   nicolae_temple_godzebo
Ossuary:  ossuary_due_pyramid

Skill      XL: |  1  2  3  4  5  6  7  8  9 |
---------------+----------------------------+-----
Axes           | 3 4 5 6 7 |  7.1
Armour         | 4 5 6 |  6.5
Shields        | 5 6 7 |  7.1
Fighting       | 4 5 |  5.0
Dodging        | 1 2 |  2.3
Stealth        | 1 |  1.0

Action                     |  1- 3 |  4- 6 |  7- 9 || total
---------------------------+-------+-------+-------++-------
  Melee: War axe           |   104 |   246 |    75 ||   425
         Battleaxe         |       |       |   222 ||   222
Ability: Dig               |       |     1 |       ||     1
         Lunge             |       |       |    16 ||    16
    Use: Scroll            |       |    11 |     4 ||    15
         Potion            |       |     5 |     4 ||     9
 Armour: Scale mail        |    48 |    44 |       ||    92
         Chain mail        |       |   165 |   151 ||   316
  Dodge: Dodged            |    52 |   138 |    79 ||   269
  Block: Buckler           |    34 |   103 |    79 ||   216

Table legend: (Time is in decaauts)
 A = Elapsed time spent in this place.
 B = Non-inter-level travel time spent in this place.
 C = Inter-level travel time spent in this place.
 D = Time resting spent in this place.
 E = Time spent auto-exploring this place.
 F = Levels seen in this place.
 G = Mean time per level.
                   A        B        C        D        E       F      G
               +--------+--------+--------+--------+--------+-----+--------+
         Total |   5627 |   5272 |    355 |    944 |   2153 |   9 |  625.2 |
       Dungeon |   4618 |   4293 |    325 |    763 |   2058 |   6 |  769.7 |
        Temple |    329 |    299 |     30 |    181 |     78 |   1 |  329.0 |
         Sewer |    304 |    304 |      0 |      0 |     17 |   1 |  304.0 |
       Ossuary |    375 |    375 |      0 |      0 |      0 |   1 |  375.0 |
               +--------+--------+--------+--------+--------+-----+--------+

Top non-repeatable levels by time:
     D:5: 1123 daAuts
     D:4: 1121 daAuts
     D:2: 822 daAuts
     D:1: 756 daAuts
     D:3: 658 daAuts
 Ossuary: 375 daAuts
  Temple: 329 daAuts
   Sewer: 304 daAuts
     D:6: 135 daAuts
